 Dungeon Crawl Stone Soup version 0.23.2-30-g0e89c35649 (webtiles) character file.

Game seed: 11367576176125886431

100 zebekk the Ducker (level 4, -1/32 HPs)
             Began as an Octopode Fighter on June 7, 2019.
             Was an Initiate of Cheibriados.
             Slain by Sigmund
             ... wielding a +0 scythe
              (4 damage)
             ... on level 2 of the Dungeon.
             The game lasted 00:03:10 (1470 turns).

zebekk the Ducker (Octopode Fighter)                Turns: 1470, Time: 00:03:10

Health: -1/32      AC:  1    Str: 22    XL:     4   Next: 74%
Magic:  4/4        EV: 12    Int: 11    God:    Cheibriados [......]
Gold:   78         SH:  9    Dex: 12    Spells: 3/3 levels left

rFire    . . .     SeeInvis .   a - +0 war axe
rCold    . . .     Gourm    .   b - +0 shield
rNeg     . . .     Faith    .   (helmet restricted)
rPois    .         Spirit   .   (no amulet)
rElec    .         Reflect  .   (no ring)
rCorr    .         Harm     .   (no ring)
MR       .....                  (no ring)
Stlth    ++........             (no ring)
HPRegen  0.10/turn              (no ring)
MPRegen  0.09/turn              (no ring)
                                (no ring)
                                (no ring)

@: mighty, very slow
A: almost no armour, stealthy swim, amphibious, 8 rings, constrict 8, camouflage
1, gelatinous body 1
a: Bend Time, Renounce Religion


You were on level 2 of the Dungeon.
You worshipped Cheibriados.
Cheibriados was noncommittal.
You were not hungry.

You visited 1 branch of the dungeon, and saw 2 of its levels.

You collected 78 gold pieces.

Inventory:

Hand Weapons
 a - a +0 war axe (weapon)
Armour
 b - a +0 shield (worn)
Scrolls
 e - 2 scrolls of teleportation {unknown}
 f - 2 scrolls of identify
 g - 3 scrolls of remove curse {unknown}
 k - a scroll of fear {unknown}
Potions
 h - a potion of degeneration
 j - a potion of ambrosia
 l - a potion of brilliance {unknown}
Comestibles
 d - 5 rations
 i - a chunk of flesh


   Skills:
 + Level 3.6 Fighting
 + Level 3.0 Axes
 + Level 3.7 Dodging
 + Level 0.8 Stealth
 + Level 3.5 Shields


You had 3 spell levels left.
You didn't know any spells.
Your spell library was empty.

Dungeon Overview and Level Annotations

Branches:
Dungeon (2/15)

Altars:
Cheibriados
Dithmenos

Annotations:
D:1 exclusion: downstairs
D:2 Sigmund


Innate Abilities, Weirdness & Mutations

You cannot wear most types of armour.
You are very stealthy in the water. (Stealth+)
You are amphibious.
You can wear up to eight rings at the same time.
You can use your tentacles to constrict eight enemies at once.
Your skin changes colour to match your surroundings (Stealth+).
Your rubbery body absorbs attacks. (AC +1, EV +1)


Message History

You block Sigmund's attack.
You hit Sigmund. Your grab misses Sigmund.
Sigmund is lightly wounded.
Sigmund mumbles some strange words.
Sigmund flickers and vanishes!
Deactivating autopickup; reactivate with Ctrl-A.
No target in view!
No target in view!
No target in view!
No target in view!
You closely miss something. Something barely misses you.
You closely miss something. You squeeze something! Something hits you!
You closely miss something.
You hear some strange, mumbled words.
A puff of flame appears from out of thin air!
The puff of flame hits you!
You barely miss something. Something hits you!
* * * LOW HITPOINT WARNING * * *
You barely miss something. You squeeze something! Something hits you.
You die...

.......##...........##### ##
#........#..#...........## .#
#..........# #.....)รท...#. .#
#......##..###..##......#.
.###### ......###..#..###........
......# .......##.....##..######.
......# ...@................# #.
......#####.)##.{.......##..####.
............####@.._...####......
......#####..##.........##...###.
......#####.................## #^
>..............##.....##..######.
############..###..#..###.#......
######## ##.##..###..##.#......
.......# #.....###.....#......
######.# #......#......#......
#.# ####.................


There were no monsters in sight!

Vanquished Creatures
  2 adders (D:2)
  3 gnolls
  An ooze (D:1)
  2 dart slugs
  2 leopard geckos
  2 giant cockroaches (D:2)
  10 goblins
  5 hobgoblins
  2 jackals (D:1)
  A quokka (D:2)
  2 bats
  4 frilled lizards (D:2)
  3 kobolds (D:2)
  3 rats
42 creatures vanquished.

Vanquished Creatures (others)
  A jackal (D:1)
1 creature vanquished.

Grand Total: 43 creatures vanquished

Notes
Turn   | Place    | Note
-------+----------+-------------------------------------------
     0 | D:1      | zebekk the Octopode Fighter began the quest for the Orb.
     0 | D:1      | Reached XP level 1. HP: 16/16 MP: 1/1
    80 | D:1      | Reached XP level 2. HP: 21/21 MP: 2/2
   266 | D:1      | Reached XP level 3. HP: 18/26 MP: 3/3
   397 | D:2      | Noticed Sigmund
   740 | D:2      | Reached XP level 4. HP: 31/31 MP: 4/4
   868 | D:2      | Found a shadowy altar of Dithmenos.
   877 | D:2      | Found a snail-covered altar of Cheibriados.
   896 | D:2      | Became a worshipper of Cheibriados the Contemplative
  1470 | D:2      | Slain by Sigmund

Skill      XL: |  1  2  3  4 |
---------------+-------------+-----
Axes           | 3 |  3.0
Fighting       | |  3.6
Dodging        | |  3.7
Stealth        | |  0.8
Shields        | |  3.5

Action                   |  1- 3 |  4- 6 || total
-------------------------+-------+-------++-------
Melee: War axe           |    30 |    39 ||    69
       Constrict         |     8 |     8 ||    16
       Tentacles         |     7 |     5 ||    12
  Use: Scroll            |       |     2 ||     2
       Potion            |       |     1 ||     1
 Stab: Sleeping          |     1 |     3 ||     4
  Eat: Chunk             |       |     2 ||     2
Armor: Skin              |     2 |       ||     2
Dodge: Dodged            |    20 |    16 ||    36
Block: Shield            |     9 |    12 ||    21
